[Event "31st Kavala Open-A 2022"]
[Site "Kavala"]
[Date "2022.07.31"]
[Round "7.3"]
[White "Schroeder, Jan-Christian"]
[Black "Beerdsen, Thomas"]
[Result "1/2-1/2"]
[ECO "B33"]
[WhiteElo "2563"]
[BlackElo "2500"]
[Annotator "TA"]
[PlyCount "66"]
[EventDate "2022.07.27"]
[EventType "swiss"]
[EventCountry "GRE"]
[SourceTitle "playchess.com"]
[Source "ChessBase"]
[SourceQuality "1"]
[TimeControl "40/5400+30:1800+30"]

1. e4 {[%emt 0:01:00] Rogozenco,D} c5 2. Nf3 e6 3. d4 cxd4 4. Nxd4 Nc6 5. Nc3 Nf6 6. Ndb5 d6 7. Bf4 e5 8. Bg5 a6 9. Na3 b5 10. Nd5 Be7 11. Bxf6 Bxf6 12. c3 Bg5 13. Nc2 Rb8 14. g3 O-O 15. Bg2 Bh6 {[%emt 0:05:16] 15...Ne7 is a critical line. B33: Sicilian: Pelikan and Sveshnikov Variations.} 16. O-O Be6 17. Qd3 {[%emt 0:06:23] [#]} a5 $146 ({Predecessor:} 17... Qd7 18. Rfd1 a5 19. a3 a4 20. Ndb4 Rfd8 21. Nxc6 Qxc6 22. Nb4 Qb7 23. Nd5 Rbc8 24. Qf3 Rc5 {1-0 (66) Volokitin,A (2566)-De Vreugt,D (2437) Lvov 2001 CBM 087 [Rogozenco,D]}) 18. Rfd1 (18. Na3 $5 ) 18... b4 19. c4 g6 20. b3 Bg7 21. a3 bxa3 22. Rxa3 Rb7 23. Qe2 Qb8 24. Rd3 Rc8 25. Qe3 Bxd5 26. exd5 Ne7 27. h4 (27. Rxa5 $11 Nf5 28. Qf3) 27... h5 ({Better is} 27... Nf5 $15 28. Qe2 Re8) 28. Bh3 Rc5 29. Ne1 Rb4 30. Nc2 Rb6 {[%emt 0:00:42] The position is equal.} 31. Ne1 Rb4 32. Nc2 Rb7 33. Ne1 Rb4 {[%emt 0:01:02] Not much happened in this game.  Weighted Error Value: White=0.13 (very precise) /Black=0.10 (very precise)} 1/2-1/2

[Event "31st Kavala Open-A 2022"]
[Site "Kavala"]
[Date "2022.07.31"]
[Round "7.4"]
[White "Gopal G.N."]
[Black "Yilmazyerli, Mert"]
[Result "1/2-1/2"]
[ECO "B30"]
[WhiteElo "2593"]
[BlackElo "2520"]
[Annotator "TA"]
[PlyCount "93"]
[EventDate "2022.07.27"]
[EventType "swiss"]
[EventCountry "GRE"]
[SourceTitle "playchess.com"]
[Source "ChessBase"]
[SourceQuality "1"]
[TimeControl "40/5400+30:1800+30"]

1. e4 c5 2. Nf3 Nc6 3. Bb5 e6 4. Bxc6 bxc6 5. d3 Ne7 6. Nbd2 {[%emt 0:00:34] B30: Sicilian: 2...Nc6 3 Bb5, lines without ...g6.} d6 7. e5 Nf5 (7... d5 $11) 8. exd6 $1 $14 {[%emt 0:02:53] White is slightly better.} Bxd6 {[%emt 0:00:18] [#]} 9. Ne4 $146 ({Predecessor:} 9. Nc4 Be7 10. O-O f6 11. Nfd2 O-O 12. Ne4 e5 13. b3 Be6 14. Ba3 Bxc4 15. dxc4 {0-1 (34) Anand,V (2756)-Gelfand,B (2668) Leon 2022}) 9... Be7 10. Ne5 Qc7 11. Bf4 {[%emt 0:13:54][%cal Oe5g6] [#] Ng6! is the strong threat.} Qb7 12. Nc4 {[%emt 0:01:43] Strongly threatening g4. 0x0.001e3abb8b89dp-1022s more active pieces. The black rooks are badly placed. Pair of Knights!} O-O 13. O-O f6 14. b3 e5 15. Bc1 Be6 16. Ba3 Qb5 (16... Bxc4 $11 17. bxc4 Qb6) 17. Ne3 ({White should play} 17. Kh1 $16) 17... Nxe3 $11 18. fxe3 Qa5 $1 19. Bb2 Rad8 (19... f5 $11 20. Bc3 Qb6) 20. Bc3 $36 {[%emt 0:02:37][%mdl 2048] White is pushing.} Qc7 21. Qe1 Qd7 22. Nd2 Bd6 23. e4 Bc7 24. Kh1 Rde8 25. Qh4 a6 26. Rf3 Bg4 27. Rf2 Bd8 28. Qg3 Be6 29. Re1 Bb6 30. Rf3 Bg4 31. Rff1 Be6 32. h3 Qd8 33. Re2 Bf7 34. Nf3 Bh5 35. Qh4 Bxf3 36. Rxf3 Ba5 37. Bxa5 Qxa5 38. a4 Rd8 39. Kh2 Kh8 40. Ref2 c4 41. bxc4 (41. dxc4 $16 Qe1 42. Qg4 (42. Rd3 Rxd3 43. cxd3 Rb8 $11)) 41... Qxa4 {[%emt 0:02:14] [#]} (41... h6 $11 {remains equal.}) 42. g4 (42. Rf5 $1 $16 {[%cal Rf5h5] Threatening mate with Rh5.} Rd7 43. Rxe5) 42... Qb4 {[%emt 0:04:11] The position is equal.} 43. g5 fxg5 44. Qxg5 {[%emt 0:00:10] Black must now prevent Rf7.} Qd6 45. Rf7 Rxf7 46. Rxf7 Rg8 47. Qe3 {[%emt 0:08:34] Weighted Error Value: White=0.11 (very precise) /Black=0.12 (very precise)} ({White should try} 47. Qe7 $11 Qxe7 48. Rxe7) 1/2-1/2

[Event "31st Kavala Open-A 2022"]
[Site "Kavala"]
[Date "2022.07.31"]
[Round "7.5"]
[White "Ladopoulos, Dimitrios"]
[Black "Gagare, Shardul"]
[Result "1/2-1/2"]
[ECO "A35"]
[WhiteElo "2335"]
[BlackElo "2514"]
[Annotator "TA"]
[PlyCount "67"]
[EventDate "2022.07.27"]
[EventType "swiss"]
[EventCountry "GRE"]
[SourceTitle "playchess.com"]
[Source "ChessBase"]
[SourceQuality "1"]
[TimeControl "40/5400+30:1800+30"]

1. Nf3 c5 2. b3 Nc6 3. Bb2 Nf6 4. e3 g6 5. c4 Bg7 6. Be2 O-O 7. O-O d6 8. d4 cxd4 9. Nxd4 Bd7 10. Nc3 a6 {[%emt 0:00:19] 10...Rc8 deserves study.} 11. Rc1 {[%emt 0:08:42] A35: Symmetrical English: 2 Nc3 Nc6 3 Nf3.} Qa5 12. a3 Rfc8 13. b4 {[%emt 0:01:39] White has an edge.} Qd8 {[%emt 0:02:07] [#]} 14. Na4 $146 ({Predecessor:} 14. Qb3 Rab8 15. Rfd1 Qe8 16. Nf3 Bg4 17. h3 Bxf3 18. Bxf3 Nd7 19. Nd5 Bxb2 20. Qxb2 {1-0 (141) Molina,R (2400)-Hua,L (2305) Chess.com INT 2022}) 14... b5 15. cxb5 Nxd4 16. Bxd4 Rxc1 17. Qxc1 Bxb5 18. Nc3 Rc8 19. Qd1 Bxe2 20. Nxe2 Rc4 21. Qb3 Qc7 22. b5 axb5 23. Qxb5 e5 24. Bb6 {[%emt 0:04:34] The position is equal.} Qc6 25. Qxc6 Rxc6 26. Ba5 Rc2 27. Nc3 d5 28. Rd1 {[%emt 0:02:06] Inhibits d4.} Bf8 29. h3 Bxa3 30. Bd8 {[%emt 0:01:50] [#] And now Nb5 would win.} Ne4 31. Nxe4 dxe4 32. Bf6 {[%emt 0:00:07] Rd8+ is the strong threat.} Rc1 33. Rxc1 Bxc1 34. Bxe5 {[%emt 0:00:07] An interesting draw.  Weighted Error Value: White=0.04 (flawless) /Black=0.03 (flawless)} 1/2-1/2

[Event "31st Kavala Open-A 2022"]
[Site "Kavala"]
[Date "2022.07.31"]
[Round "7.6"]
[White "Halkias, Stelios"]
[Black "Trimitzios, Petros"]
[Result "1/2-1/2"]
[ECO "E56"]
[WhiteElo "2512"]
[BlackElo "2369"]
[Annotator "TA"]
[PlyCount "187"]
[EventDate "2022.07.27"]
[EventType "swiss"]
[EventCountry "GRE"]
[SourceTitle "playchess.com"]
[Source "ChessBase"]
[SourceQuality "1"]
[TimeControl "40/5400+30:1800+30"]

1. Nf3 Nf6 2. c4 e6 3. Nc3 d5 4. e3 a6 5. d4 Be7 6. cxd5 exd5 7. Bd3 O-O 8. O-O c5 9. dxc5 Bxc5 10. h3 Nc6 11. Ne2 {[%emt 0:02:39] E56: Nimzo-Indian: Rubinstein: Main Line: 7...Nc6.} Be6 12. b3 Qe7 13. Bb2 {[%emt 0:01:57] White is slightly better.} Rac8 14. Ned4 {[%emt 0:02:06] [#]} Nxd4 $146 ({Predecessor:} 14... Nb4 15. Bb1 Ne4 16. a3 Nc6 17. Nxe6 Qxe6 18. b4 Ba7 19. Ba2 Nxf2 20. Rxf2 Qxe3 {½-½ (41) Pang,T (2127)-Lin,W (2416) Harbin 2016}) 15. Nxd4 Ba3 16. Qe2 Rc7 17. Rac1 Rfc8 18. Rxc7 Rxc7 19. Rd1 h6 20. Bb1 Bd7 21. Bd3 Bd6 (21... Be6 $5) 22. Rd2 Ba3 (22... Ne4 {seems wilder.} 23. Rc2 Nc5 24. Bf5 Qe5) 23. Bxa3 Qxa3 24. Rc2 Qd6 25. Rxc7 (25. Qd1 {looks sharper.} Ne4 26. Ne2 Rxc2 27. Bxc2 Nf6 28. Qd4) 25... Qxc7 26. Qc2 Qxc2 27. Bxc2 $11 {[%emt 0:00:08][%mdl 4096] Endgame KBN-KBN} Kf8 28. f3 Ke7 29. Kf2 Kd6 30. Ke2 g6 31. Kd2 Kc5 32. Kc3 a5 33. a3 b6 34. Bd3 Ne8 35. b4+ axb4+ 36. axb4+ Kd6 37. g4 Ng7 38. f4 g5 39. Bb5 Bc8 (39... Bxb5 $11 {remains equal.} 40. Nxb5+ Kc6 41. Nd4+ Kc7) 40. Bd3 {[%emt 0:00:00] White is more active.} (40. f5 $16) 40... Bd7 41. Bb5 Bxb5 42. Nxb5+ {[%emt 0:00:23] KN-KN} Kc6 43. Nd4+ Kd7 44. Kd3 Kd6 45. Ke2 f6 46. Kd3 Kd7 47. Ke2 Kd6 48. Kf3 Ke7 49. Kg3 Kf7 50. h4 Ke7 $2 ({Black should play} 50... gxh4+ $11 51. Kxh4 Ke7) 51. h5 $16 Kf7 52. Kf3 Ke7 53. Ke2 $1 Kd7 54. Kf2 $2 (54. Kd2 $18 {Hoping for fxg5.} Ke7 55. Kc3) 54... Ke7 $2 (54... Kd6 $1 $14) 55. Kf3 $2 ({White has to play} 55. fxg5 $1 $18 fxg5 56. Kf3) 55... Kd6 $1 $14 56. Kg2 {[%emt 0:01:07] Black must now prevent Kg1.} Ke7 57. Kf2 {[%emt 0:00:17] Strongly threatening Ke2.} Kd7 ({Better is} 57... Kd6 $1 $14) 58. Ke1 $18 Ke7 59. Kd2 $1 Kd7 60. Kc3 Kd6 $2 (60... Ke7 61. Kc2 gxf4) 61. Kd3 Kd7 62. Kd2 (62. fxg5 $142 fxg5 63. e4) 62... Ke7 {[%emt 0:00:15] [#]} (62... gxf4 $142 63. exf4 Ke8) 63. Kc2 $2 (63. fxg5 $1 $18 {is the precise move to win.} fxg5 64. Ke2) 63... Kd7 $2 (63... gxf4 $16 {is more resistant.} 64. exf4 Kf7) 64. Kb3 Kd6 65. Kb2 $2 (65. fxg5 $18 fxg5 66. Ka4) 65... Kd7 (65... Ke7 $16 {might work better.} 66. Kb3 Kd8) 66. Kc3 $2 (66. fxg5 fxg5 67. Kb3) 66... Kd6 $1 67. Kb3 Kd7 {[%emt 0:00:09] [#]} 68. Ka4 $1 Kc7 69. Nb5+ (69. Kb5 $142) 69... Kc6 (69... Kd7 {keeps fighting.} 70. Nd4 Kc7 71. fxg5 fxg5) 70. Nd4+ Kc7 $1 71. Ka3 (71. Kb5 $142) 71... Kd7 72. b5 $2 (72. fxg5 $18 fxg5 73. Ka4) 72... Ke7 {[%emt 0:00:48] The position is equal.} 73. Kb3 Kf7 74. Kc3 Ke7 75. Kd3 {[%emt 0:00:56] Threatens to win with fxg5.} Kd6 76. Kd2 Ke7 77. Ke2 Kd7 78. Kf2 Ke7 79. Ke1 Kd7 80. Ke2 Ke7 81. Nc6+ Kd6 82. Kd3 Ne6 83. fxg5 fxg5 84. Nd4 {[%emt 0:00:06] And now Nf5+ would win.} Ng7 85. e4 Ke5 $1 86. Nc6+ Kd6 87. e5+ Ke6 $1 88. Kd4 Ne8 89. Nd8+ Ke7 90. Nc6+ Ke6 91. Kc3 Nc7 92. Kb4 Ne8 93. Kc3 Nc7 94. Kb4 {[%emt 0:00:19] White really could win this.  Weighted Error Value: White=0.31/Black=0.29 (precise)} 1/2-1/2

[Event "31st Kavala Open-A 2022"]
[Site "Kavala"]
[Date "2022.07.31"]
[Round "7.7"]
[White "Vrolijk, Liam"]
[Black "Priyanka Nutakki"]
[Result "1-0"]
[ECO "A17"]
[WhiteElo "2464"]
[BlackElo "2308"]
[Annotator "RC"]
[PlyCount "61"]
[EventDate "2022.07.27"]
[EventType "swiss"]
[EventCountry "GRE"]
[SourceTitle "playchess.com"]
[Source "ChessBase"]
[SourceQuality "1"]
[TimeControl "40/5400+30:1800+30"]

1. Nf3 d5 2. e3 Nf6 3. c4 e6 4. Nc3 a6 5. b3 b6 6. cxd5 exd5 7. g3 Bd6 8. Bg2 O-O 9. O-O Be6 10. Bb2 c5 11. d4 Nc6 12. Rc1 Rc8 13. dxc5 bxc5 14. Na4 Nb8 15. Bxf6 Qxf6 16. Nb6 Rcd8 17. Nxd5 Bxd5 18. Qxd5 Bxg3 19. Qxc5 Bd6 20. Qg5 Qb2 21. Nd4 h6 22. Qa5 Rc8 23. Rxc8 Rxc8 24. Qf5 Rc1 25. Bd5 Rxf1+ 26. Kxf1 Qc1+ 27. Kg2 Qc7 28. Qg6 Be5 29. Nf5 Kf8 30. Qh7 g6 31. Nxh6 1-0

[Event "31st Kavala Open-A 2022"]
[Site "Kavala"]
[Date "2022.07.31"]
[Round "7.8"]
[White "Levin, Guy"]
[Black "Pijpers, Arthur"]
[Result "0-1"]
[ECO "A34"]
[WhiteElo "2363"]
[BlackElo "2458"]
[Annotator "RC"]
[PlyCount "46"]
[EventDate "2022.07.27"]
[EventType "swiss"]
[EventCountry "GRE"]
[SourceTitle "playchess.com"]
[Source "ChessBase"]
[SourceQuality "1"]
[TimeControl "40/5400+30:1800+30"]

1. Nf3 c5 2. c4 Nf6 3. g3 d5 4. cxd5 Nxd5 5. Nc3 Nc6 6. Bg2 g6 7. h4 Bg7 8. h5 Bf5 9. h6 Bf6 10. Nh4 Nxc3 11. bxc3 Bd7 12. Rb1 b6 13. Bb2 c4 14. Bd5 Ne5 15. Bxa8 Qxa8 16. f3 g5 17. Ng2 g4 18. O-O gxf3 19. d4 fxg2 20. Rxf6 exf6 21. dxe5 Qe4 22. Kh2 Bc6 23. exf6 g1=Q+ 0-1

[Event "31st Kavala Open-A 2022"]
[Site "Kavala"]
[Date "2022.07.31"]
[Round "7.9"]
[White "Stefanou, Dimitrios"]
[Black "Can, Isik"]
[Result "0-1"]
[ECO "D19"]
[WhiteElo "2184"]
[BlackElo "2445"]
[Annotator "TA"]
[PlyCount "74"]
[EventDate "2022.07.27"]
[EventType "swiss"]
[EventCountry "GRE"]
[SourceTitle "playchess.com"]
[Source "ChessBase"]
[SourceQuality "1"]
[TimeControl "40/5400+30:1800+30"]

1. d4 d5 2. c4 c6 3. Nf3 Nf6 4. Nc3 dxc4 5. a4 Bf5 6. e3 e6 7. Bxc4 Bb4 8. O-O O-O 9. Qe2 Nbd7 10. e4 Bg4 11. Rd1 Qc7 12. e5 {[%emt 0:08:35] D19: Slav Defence: 5 a4 Bf5 6 e3: Main line with 9 Qe2.} Nd5 13. Nxd5 (13. Bd2 $11) 13... exd5 $15 14. Bd3 {[%emt 0:00:47][%cal Od3h7] Black is slightly better.} f6 $1 {[%emt 0:00:01] aiming for ...fxe5.} 15. e6 {[%emt 0:11:59] [#]} ({Better is} 15. Qc2 $15 h6 16. e6 Bxe6 17. Bh7+ Kh8 18. Nh4) 15... Rfe8 $1 $17 16. Bxh7+ Kxh7 17. Qd3+ Kg8 18. exd7 Qxd7 {[%emt 0:00:31] [#]} 19. h3 $146 ({Predecessor:} 19. Bd2 Bf5 20. Qb3 Bd6 21. Bb4 Bf4 22. Re1 Be4 23. Nd2 Bg6 24. a5 Qf5 25. Nf1 {½-½ (35) Livaic,L (2461)-Soysal,S (2381) Banja Vrujci 2017}) 19... Bf5 20. Qb3 Bd6 {[%emt 0:00:29][%cal Of5h3] This bishop pair is nice.} 21. Nd2 Qf7 $36 {[%emt 0:19:27][%mdl 2048] Keeping White busy. 0x0.002363554879dp-1022s more active pieces. The white rooks are badly placed.} 22. Nf1 Qg6 {[%emt 0:00:39] Hoping for ...Bc2.} 23. Bd2 {[%emt 0:01:22] [#] This move loses the game for White.} (23. Qc3 $17) 23... Be4 $1 $19 24. f3 Bc2 25. Qxb7 Bxd1 26. Rxd1 Qc2 27. Rc1 Qxa4 28. Qxc6 Qxd4+ 29. Kh1 {[%emt 0:00:11] [#]} Rac8 $1 30. Qd7 Rcd8 31. Qc6 Bf4 32. Re1 (32. Bxf4 $142 Qxf4 33. Rd1) 32... Rxe1 {[%emt 0:00:47] Black is clearly winning.} ({Stronger than} 32... Bxd2 33. Rxe8+ Rxe8 34. Qxe8+ Kh7 35. Nxd2 Qxd2 36. Qh5+ Kg8 37. Qe8+ Kh7 38. Qh5+ Kg8 39. Qe8+ Kh7 $11) 33. Bxe1 Qc4 34. Qe6+ Kf8 35. Ne3 Bxe3 36. Qxe3 Re8 37. Qa3+ Kg8 {[%emt 0:00:15] Weighted Error Value: White=0.64/Black=0.16 (very precise)} 0-1

[Event "31st Kavala Open-A 2022"]
[Site "Kavala"]
[Date "2022.07.31"]
[Round "7.10"]
[White "Tarhan, Adar"]
[Black "Kanakaris, Georgios"]
[Result "1/2-1/2"]
[ECO "C07"]
[WhiteElo "2201"]
[BlackElo "2389"]
[Annotator "TA"]
[PlyCount "120"]
[EventDate "2022.07.27"]
[EventType "swiss"]
[EventCountry "GRE"]
[SourceTitle "playchess.com"]
[Source "ChessBase"]
[SourceQuality "1"]
[TimeControl "40/5400+30:1800+30"]

1. e4 e6 2. d4 d5 3. Nd2 a6 4. c3 c5 5. Ngf3 Nc6 6. exd5 exd5 7. dxc5 {[%emt 0:01:17] C07: French Tarrasch: 3...c5, 4 Ngf3 and 4 exd5 Qxd5.} Bxc5 8. Nb3 Bb6 9. Be2 Nf6 10. O-O h6 11. Nbd4 O-O 12. Be3 Bc7 {[%emt 0:11:23] [#]} 13. Re1 $146 ({Predecessor:} 13. Qc1 Re8 14. Bd3 Ne4 15. Bf4 Bb6 16. Re1 Qf6 17. Be3 Bc7 18. c4 Ne5 19. Qc2 {0-1 (61) Ozbay,E (2114)-Hojjatova,A (2356) Manavgat 2018}) 13... Re8 14. Bf1 Bg4 15. Qa4 Qd7 16. Nxc6 Bxf3 17. gxf3 bxc6 18. Bf4 Bxf4 19. Qxf4 a5 20. Bd3 Qb7 21. b3 Qb6 22. Rac1 c5 23. Kh1 Rxe1+ 24. Rxe1 Re8 25. Rxe8+ Nxe8 $11 {[%emt 0:00:04][%mdl 4096] Endgame KQB-KQN} 26. Qf5 Qe6 27. Qh7+ (27. Qxe6 $15 fxe6 28. f4) 27... Kf8 $17 28. Qh8+ (28. Bf1 $17) 28... Ke7 $19 29. Bb5 Nd6 (29... Qe1+ $142 30. Kg2 Nc7) 30. Qb8 $17 Qc8 $1 ({Much weaker is} 30... Nxb5 31. Qxb5 Qe1+ 32. Kg2 Qxc3 33. Qb7+ Ke6 34. Qc6+ Ke7 35. Qc7+ Ke8 36. Qc6+ Ke7 37. Qc7+ Ke8 38. Qc6+ Ke7 $11) 31. Qa7+ {[%emt 0:00:18] [#]} Qb7 $1 32. Qxb7+ Nxb7 {[%emt 0:00:03] KB-KN} 33. Bc6 {[%emt 0:00:06][%csl LRb7,LRd5] [#]} Nd6 34. Bxd5 Nb5 $1 35. Bc4 Nxc3 36. a4 f5 (36... Kf6 $17 37. Kg2 Ke5) 37. f4 $1 $11 {[%emt 0:00:40] The position is equal.} Ne4 38. Kg2 Kf6 39. Kf3 Nd2+ 40. Ke3 Ne4 41. Bd3 Nd6 42. h4 Ke7 43. Kf3 Kd7 44. Ke3 Kc7 45. Bc4 Kc6 46. Be6 Kc7 47. Kd3 Kd8 48. Ke3 Ke7 49. Bc4 Kd7 50. Bd3 g6 51. Bc4 Ke7 52. f3 Ke8 53. Be6 Kd8 54. Kd3 Ke7 55. Bc4 Kf6 56. Ke3 Nxc4+ 57. bxc4 g5 58. fxg5+ hxg5 59. f4 gxh4 {[%emt 0:00:58] ( -> ...Kg6)} 60. Kf3 Kg6 {[%emt 0:00:23] And White is the lucky defender.  Weighted Error Value: White=0.06 (flawless) /Black=0.06 (flawless)} 1/2-1/2

[Event "31st Kavala Open-A 2022"]
[Site "Kavala"]
[Date "2022.07.31"]
[Round "7.11"]
[White "Koutlas, Nikolaos"]
[Black "Celik, Hasan Huseyin"]
[Result "0-1"]
[ECO "D02"]
[WhiteElo "2314"]
[BlackElo "2363"]
[Annotator "TA"]
[PlyCount "116"]
[EventDate "2022.07.27"]
[EventType "swiss"]
[EventCountry "GRE"]
[SourceTitle "playchess.com"]
[Source "ChessBase"]
[SourceQuality "1"]
[TimeControl "40/5400+30:1800+30"]

1. Nf3 d5 2. d4 Nf6 3. Bf4 g6 4. h3 Bg7 5. e3 O-O 6. Bd3 c5 7. c3 (7. dxc5 Nfd7 8. Nc3 e5 $17) 7... Nc6 {[%emt 0:00:19] D02: 1 d4 d5 2 Nf3 sidelines, including 2...Nf6 3 g3 and 2...Nf6 3 Bf4.} 8. O-O Nd7 9. Nbd2 e5 {[%emt 0:00:09] The position is equal.} 10. dxe5 Ndxe5 11. Bc2 Qb6 12. Rb1 Rd8 {[%emt 0:08:11] [#]} 13. Bg5 $146 ({Predecessor:} 13. Qe2 h6 14. Rfd1 Be6 15. Nxe5 Nxe5 16. Bb3 Bf5 17. e4 dxe4 18. Nxe4 c4 19. Bc2 {0-1 (28) Delgado Pico,L (2050)-Antoli Royo,J (2414) Badajoz 2013}) 13... f6 14. Nxe5 fxg5 15. Nxc6 Qxc6 16. Ne4 h6 17. Ng3 b6 18. Qd3 Rd6 19. e4 {[%emt 0:05:57] Black must now prevent exd5.} c4 20. Qe2 {[%emt 0:06:06] Threatens to win with exd5.} d4 $36 {[%emt 0:02:52][%mdl 2048] Black has the initiative.} 21. cxd4 Rxd4 22. f4 (22. Rbd1 $11 {keeps the balance.}) 22... gxf4 $17 23. Rxf4 Be5 24. Rf3 Rd7 25. Kh1 Bb7 {[%emt 0:00:32] This bishop pair is nice.} 26. Rbf1 (26. Nf1 $142) 26... b5 (26... Bxb2 27. e5 Re8 28. Rf6 Qxg2+ 29. Qxg2 Bxg2+ 30. Kxg2 Bxe5 31. Rxg6+ Rg7 32. Rxg7+ Bxg7 33. Rd1 $18) (26... Rad8 $142 27. Qe3 Bg7) 27. Qe3 Kg7 (27... Bxb2 28. Qxh6 Bg7 29. Qg5 $11) 28. Qf2 Qe6 {[%emt 0:02:43] Against Rf7+} (28... Bxb2 29. e5 Bxe5 30. Nh5+ $1 Kg8 31. Nf6+ Bxf6 32. Rxf6 Qxg2+ 33. Qxg2 Bxg2+ 34. Kxg2 $16) (28... Rg8 $1 $15 29. Qxa7 Bxb2) 29. Ne2 $11 Re8 30. Nf4 (30. Qc5 Qb6 31. Qb4 Ree7 $17) 30... Qe7 31. Nd5 Bxd5 32. exd5 Red8 33. Re1 (33. h4 $14) 33... Qd6 34. Rf1 Qxd5 35. Rf6 $2 {[%emt 0:02:00][%mdl 8192] This costs White the game.} Bxf6 $19 {[%emt 0:00:19] Active counter play!} 36. Qxf6+ {[%emt 0:00:01] [#]} Kg8 $1 37. Bxg6 (37. Qxg6+ Rg7 38. Qe4 Qxe4 39. Bxe4 Rd2 $19) 37... Qg5 {[%emt 0:00:34] ...Qxf6 is the strong threat.} (37... Rg7 $2 38. Be4 Qd6 39. Qf5 $19) 38. Qe6+ Kh8 39. Bc2 {[%emt 0:02:25] Against Rd1} Re7 40. Qc6 Rg8 (40... Re2 41. Be4 $17) 41. Be4 Rge8 42. Rf5 {[%emt 0:06:19] [#]} Re6 $1 (42... Qc1+ 43. Kh2 Re6 44. Qc7 $17) 43. Qc7 $2 (43. Rxg5 Rxc6 44. Bxc6 Re1+ 45. Kh2 hxg5 46. Bxb5) 43... Qe7 ({Less strong is} 43... Rxe4 44. Rxg5 hxg5 45. Qxa7 $16) (43... Qc1+ 44. Kh2 R6e7 45. Qd6 $17 (45. Rf8+ $2 Kg7 $19)) 44. Qf4 Qd6 (44... Rxe4 $2 45. Qxh6+ Qh7 46. Qf6+ Qg7 47. Rh5+ Kg8 48. Rg5 $18) 45. Qxd6 Rxd6 {[%emt 0:00:04][%mdl 4096] Endgame KRR-KRB} 46. Bf3 a6 47. Rc5 Kg7 48. b3 (48. a4 $142 Rb8 49. axb5 axb5 50. Kh2) 48... cxb3 49. axb3 Re3 {[%emt 0:00:57] Inhibits Rc3.} 50. Bd5 Kf6 51. Bg8 Re8 {[%emt 0:00:26] Against Rc8} 52. Bh7 Re7 53. Bc2 Re2 54. Bh7 Rd1+ 55. Kh2 Rdd2 56. Rc6+ Kg7 57. Bf5 Rxg2+ 58. Kh1 Rgf2 {[%emt 0:00:29] Weighted Error Value: White=0.49/Black=0.13 (very precise)} 0-1

[Event "31st Kavala Open-A 2022"]
[Site "Kavala"]
[Date "2022.07.31"]
[Round "7.12"]
[White "Zawadzka, Jolanta"]
[Black "Markidis, Konstantinos"]
[Result "1/2-1/2"]
[ECO "C12"]
[WhiteElo "2416"]
[BlackElo "2259"]
[Annotator "TA"]
[PlyCount "132"]
[EventDate "2022.07.27"]
[EventType "swiss"]
[EventCountry "GRE"]
[SourceTitle "playchess.com"]
[Source "ChessBase"]
[SourceQuality "1"]
[TimeControl "40/5400+30:1800+30"]

1. e4 e6 2. d4 d5 3. Nc3 Nf6 4. Bg5 Bb4 5. e5 h6 6. Bc1 Ne4 7. Qg4 {[%emt 0:00:00] C12: French: Classical System: McCutcheon Variation.} Kf8 {[%emt 0:00:44] And now ...c5 would win.} ({Don't do} 7... Nxc3 8. Qxg7 Kd7 9. Bd2 $16) 8. Nge2 h5 9. Qf3 {[%emt 0:03:55] The position is equal.} c5 10. a3 {[%emt 0:04:23][%cal Ba2a3,Ba3b4][%mdl 32] [#]} Ba5 $146 (10... Qa5 $5 ) ({Predecessor:} 10... Bxc3+ 11. Nxc3 Nc6 12. Nxe4 dxe4 13. Qxe4 Qxd4 14. Qxd4 Nxd4 15. Bd3 c4 16. Be4 Bd7 {1-0 (56) Saric,I (2655)-Pigott,J (2370) Caleta 2020}) 11. b4 $1 Nxc3 (11... cxb4 $14 12. Nxe4 dxe4) 12. Qxc3 $16 cxb4 13. axb4 Bc7 14. h4 {[%emt 0:06:28] White is more active.} Nc6 15. Nf4 $2 {[%emt 0:04:16] [#]} (15. Bg5 $18 Qd7 16. b5) 15... Bb6 $11 16. Ne2 Bd7 (16... Bc7 $1 $11) 17. Rh3 (17. Qb2 $14) 17... Rc8 (17... a5 $11) 18. Qd2 (18. Qb2 $14) 18... Ne7 (18... Kg8 $5 ) 19. Nf4 Nf5 20. c3 Nxh4 (20... Kg8 $11) 21. Be2 Kg8 (21... a6 $11 {feels stronger.}) 22. g3 $1 $14 Nf5 (22... Ng6 $1 $14) 23. Nxh5 $16 a6 24. g4 Nh4 25. f4 Bb5 (25... Qe7 $16) 26. Bxb5 $18 axb5 27. Qh2 Rxh5 28. gxh5 Nf5 29. Qe2 Qd7 30. Qd3 Kh7 31. Bd2 Qc6 32. Ke2 Kh8 33. Ra3 Qe8 34. Be1 Rc4 (34... Bd8 $16 35. Bf2 Kg8) 35. Bf2 Rc8 36. Rh1 Rc4 (36... Bd8 $16 {might work better.} 37. Ra7 Rb8) 37. Kd2 Rc8 38. Bh4 Rc4 (38... Kh7 $142 39. Bg5 Ra8) 39. Bf2 Rc8 $1 40. Kc2 Rc4 41. Kb2 Rc8 42. Rha1 Kg8 43. Rg1 Kh8 44. Raa1 Qd7 45. Rg4 Bd8 46. Rag1 Be7 47. Be1 Qe8 48. Bd2 Qc6 49. Ra1 Bd8 50. Rg2 Bb6 51. Be1 Qe8 52. Rg5 {[%emt 0:00:26] aiming for Rxf5.} Qd7 53. Kb1 Bd8 54. Rg2 Bb6 55. Ra3 Qc6 56. Qd2 Kh7 57. Qd3 $2 {[%emt 0:00:47] [#]} (57. Qd1 $18) 57... Kh8 $2 (57... Bxd4 $11 {and Black stays safe.} 58. Re2 (58. cxd4 Qc1+ 59. Ka2 Qxe1 $17) 58... Bb6) 58. Rga2 (58. Rc2 $18) 58... Qe8 ({Black should try} 58... Bxd4 $1 $14 59. Ra8 Be3) 59. Qe2 Kh7 60. Qb2 Ne3 61. Qe2 Nf5 62. Kb2 Kh8 63. Qd3 Kh7 64. Kb3 Kh8 65. Qd1 Kh7 (65... Qc6 $2 66. Ra8 $18) 66. Qb1 Kh6 {[%emt 0:00:58] Weighted Error Value: White=0.23 (precise) /Black=0.26 (precise)} (66... Kg8 $16 67. Qd3 Kh8) 1/2-1/2